 Dungeon Crawl Stone Soup version 0.19.3-1-g3169bf9 (console) character file.

79 Grinner the Cudgeler (level 4, 0/48 HPs)
             Began as an Ogre Monk on Jan 26, 2017.
             Slain by Crazy Yiuf
             ... wielding a +4 quarterstaff of chaos
              (1 damage)
             ... on level 2 of the Dungeon.
             The game lasted 00:01:56 (1253 turns).

Grinner the Cudgeler (Ogre Monk)                    Turns: 1253, Time: 00:01:57

Health: 0/48       AC:  6    Str: 17    XL:     4   Next: 38%
Magic:  4/4        EV: 11    Int:  9    God:
Gold:   50         SH:  0    Dex: 12    Spells: 0 memorised, 3 levels left

rFire  . . .     SeeInvis .     a - +0 mace
rCold  . . .     Gourm    .     b - +0 robe
rNeg   . . .     Faith    .     (no shield)
rPois  .         Spirit   .     g - +2 hat
rElec  .         Reflect  .     i - +0 cloak
rCorr  .         Harm     .     (gloves unavailable)
MR     .....     Rnd*Tele +     (boots unavailable)
Stlth  ++........               (no amulet)
                                (no ring)
                                p - ring of teleportation (curse)

@: drained
A: unfitting armour, tough skin 1
a: no special abilities


You were on level 2 of the Dungeon.
You were not hungry.

You visited 1 branch of the dungeon, and saw 2 of its levels.

You collected 50 gold pieces.

Inventory:

Hand Weapons
 a - a +0 mace (weapon)
Armour
 b - a +0 robe (worn)
 g - a +2 hat (worn)
 i - a +0 cloak (worn)
Jewellery
 p - a cursed ring of teleportation (left hand)
Scrolls
 e - a scroll of recharging {unknown}
 f - a scroll of amnesia {unknown}
 h - 2 scrolls of identify {unknown}
 j - 2 scrolls of magic mapping {unknown}
 l - a scroll of fear {unknown}
 n - a scroll of teleportation {unknown}
 t - a scroll of remove curse {unknown}
Potions
 d - 2 potions of haste {unknown}
 k - a potion of heal wounds {unknown}
 m - a potion of degeneration {unknown}
 s - a potion of might
Comestibles
 c - 3 bread rations
 o - 3 meat rations
 q - 2 chunks of flesh
 r - a slice of pizza


   Skills:
 - Level 4.0(3.5) Fighting
 + Level 5.4(5.0) Maces & Flails
 + Level 3.7(3.3) Dodging
 - Level 1.4(1.0) Stealth


You had 3 spell levels left.
You didn't know any spells.

Dungeon Overview and Level Annotations

Branches:
Dungeon (2/15)

Altars:
Dithmenos

Annotations:
D:2 Crazy Yiuf


Innate Abilities, Weirdness & Mutations

You are too large for most types of armour.
You have tough skin. (AC +1)


Message History

Crazy Yiuf closely misses you.
Crazy Yiuf hits you with a quarterstaff of chaos!
You completely miss Crazy Yiuf.
Crazy Yiuf is heavily wounded.
Crazy Yiuf says, "Crazy?
Crazy!?
PORCUPINE!"
Crazy Yiuf hits you with a quarterstaff of chaos.
Crazy Yiuf freezes you.
You hit Crazy Yiuf but do no damage.
Crazy Yiuf is heavily wounded.
Crazy Yiuf hits you with a quarterstaff of chaos.
Crazy Yiuf burns you.
You hit Crazy Yiuf.
Crazy Yiuf is heavily wounded.
Crazy Yiuf hits you but does no damage.
You closely miss Crazy Yiuf.
Crazy Yiuf is heavily wounded.
Crazy Yiuf hits you with a quarterstaff of chaos!!
* * * LOW HITPOINT WARNING * * *
You feel drained.
You die...

♣...♣♣ ##.##§#..#.# ♣♣.♣♣
#..##...##.# ♣.♣♣
#..#######.# ♣♣.♣ #.### #.#
♣.♣♣ #...######.. ♣♣.♣
###......... ####### ##'##
#......##..# ......# ###
#...# ###.##.# #
#####.####.# #.@.# #...#
..... ##.........# #.g)#
#...#####... ##.##.######
##### ##.......... ##.##.#
#.######... ......## ####
#.# #... ##.....#
####..####.# #...
#####.#######..........#
#...
#.##.............########...
#.##......##..#..#..........


You could see Crazy Yiuf.

Vanquished Creatures
  An adder (D:2)
  2 gnolls (D:1)
  An ooze (D:1)
  A worm (D:2)
  2 leopard geckos
  A ball python (D:1)
  A giant cockroach (D:2)
  3 goblins
  3 hobgoblins
  10 jackals
  A quokka (D:2)
  4 bats
  2 frilled lizards
  2 kobolds
  5 rats
39 creatures vanquished.

Notes
Turn   | Place    | Note
-------+----------+-------------------------------------------
     0 | D:1      | Grinner the Ogre Monk began the quest for the Orb.
     0 | D:1      | Reached XP level 1. HP: 24/24 MP: 1/1
    91 | D:1      | Reached XP level 2. HP: 21/32 MP: 2/2
   337 | D:1      | Reached skill level 5 in Maces & Flails
   337 | D:1      | Reached XP level 3. HP: 12/39 MP: 3/3
   847 | D:2      | Found a shadowy altar of Dithmenos.
  1071 | D:2      | Reached XP level 4. HP: 47/48 MP: 4/4
  1241 | D:2      | Found a runed door.
  1245 | D:2      | Noticed Crazy Yiuf
  1253 | D:2      | HP: 1/48 [Crazy Yiuf/quarterstaff of chaos (18)]
  1253 | D:2      | Slain by Crazy Yiuf

Skill      XL: |  1  2 |
---------------+-------+-----
Dodging        | 3 |  3.7
Maces & Flails | 5 |  5.4
Fighting       | |  4.0
Stealth        | |  1.4

Action                   |  1- 3 |  4- 6 || total
-------------------------+-------+-------++-------
Melee: Mace              |    98 |    35 ||   133
 Stab: Sleeping          |     4 |       ||     4
  Eat: Chunk             |     1 |       ||     1
Armor: Robe              |    33 |    28 ||    61
Dodge: Dodged            |    50 |    63 ||   113
